 Dungeon Crawl Stone Soup version 0.19-a0-1908-g43c011f (webtiles) character file.

7503 varam the Grappler (level 10, -1/107 HPs)
             Began as a Troll Monk on Oct 22, 2016.
             Was a High Priest of Okawaru.
             Slain by a ten-headed hydra (9 damage)
             ... on level 9 of the Dungeon.
             The game lasted 00:23:44 (9393 turns).

varam the Grappler (Troll Monk)                     Turns: 9393, Time: 00:23:45

Health: -1/107     AC: 13    Str: 22      XL:     10   Next: 95%
Magic:  4/9        EV: 16    Int:  3 (4)  God:    Okawaru [*****.]
Gold:   549        SH:  6    Dex: 19      Spells: 0 memorised, 9 levels left

rFire  . . .     SeeInvis +       - Unarmed
rCold  . . .     Gourm    +     a - +0 robe
rNeg   . . .     Faith    .     (no shield)
rPois  .         Spirit   .     S - +2 hat
rElec  .         Reflect  +     (no cloak)
rCorr  .         Harm     .     (gloves unavailable)
MR     .....                    (boots unavailable)
Stlth  ++........               R - +6 amulet of reflection
                                y - ring of see invisible
                                K - +5 ring of dexterity

@: finesse
A: unfitting armour, claws 3, iridescent scales 1, molten scales 1, thin
metallic scales 1, deterioration 1, dopey 1, fast metabolism 3, gourmand, low mp
1, regeneration 1, robust 1, shaggy fur 1, tough skin 2, no device heal 1,
subdued magic 1
a: Heroism, Finesse, Renounce Religion


You were on level 9 of the Dungeon.
You worshipped Okawaru.
Okawaru was extremely pleased with you.
You were very full.

You visited 3 branches of the dungeon, and saw 12 of its levels.

You collected 549 gold pieces.

Inventory:

Hand Weapons
 G - the +4 mace of Mayhem {antimagic, -Tele +Inv rElec MR++}
   (You found it on level 5 of the Dungeon)

   It reduces the magical energy of the wielder, and disrupts the spells and
   magical abilities of those hit.
   Natural abilities and divine invocations are not affected.
   It insulates you from electricity.
   It affects your resistance to hostile enchantments.
   It lets you turn invisible.
   It prevents most forms of teleportation.
Missiles
 A - a tomahawk (quivered)
 B - 3 exploding tomahawks
Armour
 a - a +0 robe (worn)
 S - a +2 hat (worn)
Jewellery
 s - an uncursed ring of protection from magic
 y - a ring of see invisible (right claw)
 K - a +5 ring of dexterity (left claw)
 R - a +6 amulet of reflection (around neck)
Wands
 o - a wand of confusion (23/48)
 H - a wand of lightning (7/15)
 L - a wand of polymorph (11/24)
 Q - a wand of lightning (7/15)
Scrolls
 d - a scroll of magic mapping {unknown}
 f - 3 scrolls of remove curse {unknown}
 g - a scroll of enchant weapon {unknown}
 j - a scroll of noise {unknown}
 q - 5 scrolls of teleportation {unknown}
 t - 6 scrolls of amnesia {unknown}
 u - a scroll of immolation {unknown}
 I - a scroll of fear {unknown}
 N - a scroll of recharging {unknown}
 P - 3 scrolls of fog {unknown}
Potions
 c - 6 potions of curing {@q1}
 e - a potion of flight
 h - 2 potions of might
 i - a potion of cancellation
 k - 3 potions of heal wounds
 p - 4 potions of brilliance
 r - a potion of invisibility
 v - 4 potions of lignification
 C - a potion of magic
 F - a potion of berserk rage
 M - a potion of ambrosia {unknown}
Books
 n - a book of Misfortune

   Spells                             Type                      Level
   a - Confusing Touch                Hexes                        1
   b - Confuse                        Hexes                        3
   c - Gell's Gravitas                Hexes/Translocation          3
   d - Petrify                        Transmutation/Earth          4
   e - Metabolic Englaciation         Hexes/Ice                    5
   f - Yara's Violent Unravelling     Hexes/Transmutation          5
 z - a book of Minor Magic

   Spells                             Type                      Level
   a - Magic Dart                     Conjuration                  1
   b - Blink                          Translocation                2
   c - Call Imp                       Summoning                    2
   d - Repel Missiles                 Charms/Air                   2
   e - Slow                           Hexes                        2
   f - Conjure Flame                  Conjuration/Fire             3
   g - Mephitic Cloud                 Conjuration/Poison/Air       3
 E - a book of Frost

   Spells                             Type                      Level
   a - Freeze                         Ice                          1
   b - Throw Frost                    Conjuration/Ice              2
   c - Ozocubu's Armour               Charms/Ice                   3
   d - Throw Icicle                   Conjuration/Ice              4
   e - Summon Ice Beast               Ice/Summoning                4
Comestibles
 b - 6 bread rations
 w - 10 fruits
 x - a slice of pizza
 D - 4 beef jerkies
 J - 3 meat rations


   Skills:
 + Level 5.8 Fighting
 - Level 0.1 Maces & Flails
 + Level 1.8 Throwing
 + Level 8.3 Dodging
 - Level 1.0 Stealth
 + Level 12.0 Unarmed Combat
 - Level 2.5 Invocations


You had 9 spell levels left.
You didn't know any spells.

Dungeon Overview and Level Annotations

Branches:
Dungeon (10/15)            Temple (1/1) D:4            Lair (1/6) D:10
    Orc (0/2) D:9

Altars:
Ashenzari
Cheibriados
Dithmenos
Elyvilon
Fedhas
Gozag
Hepliaklqana
Kikubaaqudgha
Makhleb
Nemelex Xobeh
Okawaru
Qazlal
Ru
Sif Muna
Trog
Uskayaw
Vehumet
Xom
Yredelemnul
Zin
The Shining One

Shops:
D:4 :   D:9 (

Annotations:
D:2 1 runed door
Lair:1 Erica


Innate Abilities, Weirdness & Mutations

You are too large for most types of armour.
You have claws for hands.
Your metabolism is lightning-fast.
You like to eat raw meat.
Your natural rate of healing is unusually fast.
You are covered in fur. (AC +1)
You have very tough skin. (AC +2)
You are partially covered in iridescent scales. (AC +2)
You are partially covered in molten scales. (AC +2)
You are partially covered in thin metallic scales. (AC +2)
Your body sometimes deteriorates upon taking damage.
You are dopey. (Int -2)
Your magical capacity is low. (-10% MP)
You are robust. (+10% HP)
Potions and wands are less effective at restoring your health.
Your spells are a little easier to cast, but a little less powerful.


Message History

The ten-headed hydra completely misses you.
The ten-headed hydra barely misses you. x2; The ten-headed hydra bites you!
* * * LOW HITPOINT WARNING * * *
The ten-headed hydra barely misses you.
The ten-headed hydra bites you but does no damage.
You climb upwards.
There is a stone staircase leading down here.
You can now deal lightning-fast blows.
The ten-headed hydra bites you but does no damage.
The ten-headed hydra closely misses you.
The ten-headed hydra bites you!
* * * LOW HITPOINT WARNING * * *
The ten-headed hydra bites you but does no damage.
The ten-headed hydra closely misses you.
The ten-headed hydra bites you but does no damage.
The ten-headed hydra completely misses you.
The ten-headed hydra bites you!
* * * LOW HITPOINT WARNING * * *
The ten-headed hydra misses you. The ten-headed hydra bites you!
You die...

#....<#.#.....#
#########.#.###.#
#######.......#.#.#.#.# ####
#....##.#####.#.#.#.#.#
...#####........#
#.#...#...#
......##........#
#.##..#.###
...##.#####.....# #.#...#.#
#####....)..##.#####.#.....#
................@..#.#..#..#
##.##..........D#..#.##.#..#
#.###......###.#..#....#..#
##.#####....###....######..#
....####.#....####.# #..#
....##........# #.# #..#
..#####.......####.# #..#
.##...##..#.#......# #..#
##.....##.#.#.###########..#


You could see a ten-headed hydra.

Vanquished Creatures
  The ghost of Soeti the Nimble, a novice DgFi (D:8)
  A hill giant (D:9)
  Pikel (D:6)
  Grinder (D:5)
  A hippogriff (D:8)
  5 yaks (D:9)
  A hungry ghost (D:7)
  A porcupine (Lair:1)
  2 hell hounds (D:10)
  A sky beast (D:9)
  A hornet zombie (D:9)
  5 orc warriors
  3 black bears (D:7)
  An ice beast (D:9)
  2 phantoms
  6 wolves (Lair:1)
  A necrophage (D:5)
  2 ogres (D:6)
  8 bullfrogs
  2 water moccasin skeletons
  5 killer bees
  5 howler monkeys
  7 wights
  2 centaur zombies
  6 orc priests
  2 hounds
  A quasit (D:10)
  A bullfrog skeleton (D:10)
  2 centaur skeletons
  2 jellies
  9 orc wizards
  Ijyb (D:2)
  Natasha (thrice) (D:3)
  An iguana (D:6)
  6 worker ants
  A hound zombie (D:9)
  A worker ant zombie (D:6)
  13 adders
  A shadow imp (D:5)
  2 oozes
  4 dart slugs
  4 worms
  4 leopard geckos
  38 orcs
  7 bats
  2 giant cockroaches
  16 goblins
  12 hobgoblins
  11 jackals
  6 kobolds
  5 quokkas
  2 ball pythons
  A frilled lizard (D:3)
  A goblin skeleton (D:2)
  A jackal zombie (D:2)
  A quokka skeleton (D:9)
  A quokka zombie (D:8)
  9 rats
242 creatures vanquished.

Vanquished Creatures (others)
  2 slaves (D:6)
  3 orcs (D:6)
5 creatures vanquished.

Grand Total: 247 creatures vanquished

Notes
Turn   | Place    | Note
-------+----------+-------------------------------------------
     0 | D:1      | varam the Troll Monk began the quest for the Orb.
     0 | D:1      | Reached XP level 1. HP: 22/22 MP: 0/0
    48 | D:1      | Reached XP level 2. HP: 28/29 MP: 1/1
   369 | D:2      | Reached skill level 4 in Unarmed Combat
   422 | D:2      | Reached XP level 3. HP: 36/36 MP: 2/2
   497 | D:2      | Noticed Ijyb
   520 | D:2      | Killed Ijyb
   520 | D:2      | Reached XP level 4. HP: 36/44 MP: 3/3
   521 | D:2      | Reached skill level 5 in Unarmed Combat
   671 | D:2      | Found a shadowy altar of Dithmenos.
   782 | D:2      | Found a runed door.
   880 | D:2      | Noticed a human
   884 | D:2      | Found a basalt altar of Yredelemnul.
  1402 | D:3      | Reached XP level 5. HP: 49/50 MP: 4/4
  1635 | D:3      | Noticed Natasha
  1672 | D:3      | Killed Natasha
  1672 | D:3      | Reached skill level 6 in Unarmed Combat
  1940 | D:4      | Found Kuli's Book Boutique.
  2024 | D:4      | Found a staircase to the Ecumenical Temple.
  2054 | Temple   | Entered the Ecumenical Temple
  2289 | Temple   | Became a worshipper of Warmaster Okawaru
  2289 | Temple   | Reached * piety under Okawaru
  2289 | Temple   | Reached ** piety under Okawaru
  2828 | D:3      | Noticed Natasha
  2831 | D:3      | Killed Natasha
  2888 | D:3      | Noticed Natasha
  2897 | D:3      | Killed Natasha
  2925 | D:3      | Reached XP level 6. HP: 55/59 MP: 2/5
  2928 | D:3      | Reached skill level 7 in Unarmed Combat
  3469 | D:4      | Found a basalt altar of Yredelemnul.
  3469 | D:4      | Found a stormy altar of Qazlal.
  3510 | D:4      | Reached skill level 8 in Unarmed Combat
  3510 | D:4      | Reached XP level 7. HP: 57/66 MP: 6/6
  3857 | D:5      | Entered Level 5 of the Dungeon
  3877 | D:5      | Found a glowing silver altar of Zin.
  4251 | D:5      | Reached *** piety under Okawaru
  4288 | D:5      | Got a scorched mace
  4289 | D:5      | Identified the +4 mace of Mayhem {antimagic, -Tele +Inv rElec MR++} (You found it on level 5 of the Dungeon)
  4302 | D:5      | Reached skill level 1 in Invocations
  4560 | D:5      | Noticed Grinder
  4820 | D:6      | Reached XP level 8. HP: 75/75 MP: 7/7
  4951 | D:6      | Noticed Pikel
  4958 | D:6      | Killed Pikel
  4958 | D:6      | Reached **** piety under Okawaru
  4958 | D:6      | Reached skill level 5 in Dodging
  5413 | D:7      | Reached XP level 9. HP: 36/87 MP: 9/9
  5623 | D:5      | Found a shattered altar of Ashenzari.
  5665 | D:5      | Found a faded altar of an unknown god.
  5665 | D:5      | Found a deep blue altar of Sif Muna.
  5674 | D:5      | Found a faded altar of an unknown god.
  5676 | D:5      | Found a faded altar of an unknown god.
  5678 | D:5      | Found a faded altar of an unknown god.
  5755 | D:5      | Killed Grinder
  5755 | D:5      | Reached skill level 5 in Fighting
  5975 | D:7      | Found a shimmering altar of Xom.
  6107 | D:7      | Found a sacrificial altar of Ru.
  6259 | D:7      | Found a bloodstained altar of Trog.
  6331 | D:7      | Reached ***** piety under Okawaru
  6581 | D:7      | Reached skill level 9 in Unarmed Combat
  7396 | D:8      | Noticed Soeti's ghost (novice DgFi)
  7521 | D:8      | Killed Soeti's ghost
  7521 | D:8      | Received a gift from Okawaru
  7521 | D:8      | Reached skill level 10 in Unarmed Combat
  7521 | D:8      | Reached XP level 10. HP: 91/98 MP: 7/10
  7547 | D:8      | Found a hide-covered altar of Uskayaw.
  7728 | D:8      | Reached skill level 1 in Throwing
  7740 | D:8      | Found a blossoming altar of Fedhas.
  8249 | D:9      | Reached skill level 11 in Unarmed Combat
  8271 | D:9      | Gained mutation: You are dopey. (Int -2) [mutagenic meat]
  8272 | D:9      | Gained mutation: Your body sometimes deteriorates upon taking damage. [mutagenic meat]
  8273 | D:9      | Gained mutation: You are partially covered in thin metallic scales. (AC +2) [mutagenic meat]
  8274 | D:9      | Gained mutation: You have a pair of small horns on your head. [mutagenic meat]
  8280 | D:9      | Found a staircase to the Orcish Mines.
  8282 | D:9      | Found Nonefihu's Weapon Emporium.
  8535 | D:9      | Gained mutation: You are partially covered in iridescent scales. (AC +2) [potion of mutation]
  8535 | D:9      | Gained mutation: Potions and wands are less effective at restoring your health. [potion of mutation]
  8535 | D:9      | Gained mutation: You are partially covered in molten scales. (AC +2) [potion of mutation]
  8536 | D:9      | Lost mutation: You have a pair of small horns on your head. [potion of mutation]
  8536 | D:9      | Gained mutation: Your spells are a little easier to cast, but a little less powerful. [potion of mutation]
  8537 | D:9      | Gained mutation: You are robust. (+10% HP) [potion of mutation]
  8537 | D:9      | Gained mutation: Your magical capacity is low. (-10% MP) [potion of mutation]
  8546 | D:9      | Noticed a hill giant
  8552 | D:9      | Killed a hill giant
  8777 | D:9      | Found a glowing golden altar of the Shining One.
  8879 | D:10     | Entered Level 10 of the Dungeon
  8949 | D:10     | Found a staircase to the Lair.
  9093 | D:10     | Noticed a centaur warrior
  9122 | Lair:1   | Entered Level 1 of the Lair of Beasts
  9140 | Lair:1   | Received a gift from Okawaru
  9142 | Lair:1   | Reached skill level 12 in Unarmed Combat
  9338 | Lair:1   | Noticed a six-headed hydra
  9344 | Lair:1   | Noticed Erica
  9393 | D:9      | Slain by a ten-headed hydra

Vault maps used:
D:1:      lightli_molten_gateway
D:2:      kennysheep_the_goblin_king, grunt_dithmenos_smoke,
          dk_yredelemnul_ordeal
D:3:      uniq_iyjb, uniq_natasha
D:4:      amethyst_overflow_temple_binary, serial_shops, shop_fountains,
          minmay_misc_feat_columns
D:5:      chequers_temple_overflow_minitemple, marbit_many_paths,
          kennysheep_mini, first_bread, uniq_grinder
D:6:      uniq_pikel
D:7:      trog_ov_bears_minmay, overflow_temple_1_default,
          nicolae_ru_path_of_blood
D:8:      eat_drink_and_be_merry_uskayaw, lemuel_coloured_pillars_altar
D:9:      lemuel_round_altar, orc_david_3
D:10:     minmay_smoke_and_mirrors, minmay_lair_entry_lava, serial_shops, shop,
          the_bakery
Temple:   compressed_dpeg_triangle_lava_temple
Lair:1:   uniq_erica

Skill      XL: |  1  2  3  4  5  6  7  8  9 10 |
---------------+-------------------------------+-----
Unarmed Combat | 4 5 6 8 10 12 | 12.0
Dodging        | 4 6 7 8 |  8.3
Fighting       | 3 4 5 |  5.8
Invocations    | 1 2 |  2.5
Throwing       | 1 |  1.8
Maces & Flails | |  0.1
Stealth        | |  1.0

Action                   |  1- 3 |  4- 6 |  7- 9 | 10-12 || total
-------------------------+-------+-------+-------+-------++-------
Melee: Unarmed           |    70 |   205 |   267 |   151 ||   693
       Punch             |     1 |     5 |    10 |    11 ||    27
       Mace              |       |       |    25 |       ||    25
Throw: Tomahawk          |       |       |     8 |     5 ||    13
Invok: Heroism           |       |     2 |     9 |     3 ||    14
       Finesse           |       |       |       |     1 ||     1
  Use: Potion            |       |       |     2 |     3 ||     5
       Scroll            |       |       |       |    11 ||    11
 Stab: Sleeping          |     1 |     2 |     3 |     1 ||     7
  Eat: Chunk             |     8 |    23 |    45 |    23 ||    99
Armor: Robe              |    24 |    51 |    62 |    37 ||   174
Dodge: Dodged            |    36 |    94 |   151 |   134 ||   415
Block: Other             |       |       |       |    25 ||    25
